 Dungeon Crawl Stone Soup version 0.30-a0-1160-g6e42c06551 (webtiles) character file.

Game seed: 10037978647721997400

86 Dittersdorf the Covered (level 4, -8/29 HPs)
             Began as a Gargoyle Fighter on Apr 26, 2023.
             Mangled by Crazy Yiuf
             ... wielding a +4 quarterstaff of chaos
              (15 damage)
             ... on level 2 of the Dungeon.
             The game lasted 00:02:09 (1506 turns).

Dittersdorf the Covered (Gargoyle Fighter)          Turns: 1506, Time: 00:02:10

Health: -8/29      AC: 14    Str: 21    XL:     4   Next: 50%
Magic:  4/4        EV:  8    Int:  9    God:
Gold:   145        SH:  4    Dex:  9    Spells: 3/3 levels left

rFire   . . .        a - +0 flail
rCold   . . .        c - +0 buckler
rNeg    + + .        s - +0 chain mail
rPois   ∞            (no helmet)
rElec   +            (no cloak)
rCorr   .            u - +0 pair of gloves
SInv    .            (no boots)
Will    +....        (no amulet) Stlth
                     h - ring of willpower
HPRegen 0.24/turn    r - ring of positive energy
MPRegen 0.09/turn

%: no passive effects
@: no status effects
A: sickness immunity, AC +3, negative energy resistance 1, electricity
resistance, torment resistance 1, petrification resistance
a: no special abilities


You were on level 2 of the Dungeon.
You visited 1 branch of the dungeon, and saw 2 of its levels.

You collected 145 gold pieces.

Inventory:

Hand Weapons
 a - a +0 flail (weapon)
Armour
 c - a +0 buckler (worn)
 s - a +0 chain mail (worn)
 u - a +0 pair of gloves (worn)
Jewellery
 h - a ring of willpower (left hand)
 r - a ring of positive energy (right hand)
Scrolls
 f - 3 scrolls of identify {unknown}
 n - a scroll of noise {unknown}
 o - a scroll of silence {unknown}
 p - a scroll of enchant armour {unknown}
 q - a scroll of acquirement {unknown}
 t - 3 scrolls of immolation {unknown}
Potions
 d - 2 potions of might
 e - 3 potions of lignification {unknown}
 g - 2 potions of degeneration {unknown}
 i - a potion of attraction {unknown}
 j - 2 potions of brilliance {unknown}
 k - a potion of haste {unknown}
 l - 2 potions of flight {unknown}
 m - 2 potions of heal wounds {unknown}


   Skills:
 + Level 4.0 Fighting
 + Level 2.9 Maces & Flails
 + Level 4.0 Armour
 + Level 4.0 Shields


You had 3 spell levels left.
You didn't know any spells.
Your spell library contained the following spells:

 Spells                   Type           Power      Damage    Failure   Level
 Poisonous Vapours        Pois/Air       0%         N/A       99%         2
 Flame Wave               Conj/Fire      0%         2d4       100%        4
 Sticky Flame             Conj/Fire      0%         2d3       100%        4


Dungeon Overview and Level Annotations

Branches:
Dungeon (2/15)

Altars:

Annotations:
D:2 Crazy Yiuf


Innate Abilities, Weirdness & Mutations

You are immune to sickness and miasma.
Your stone body is resilient. (AC +3)
You are immune to poison.
You resist negative energy. (rN+)
You are resistant to electric shocks. (rElec)
You are resistant to unholy torment.
You are immune to petrification.


Message History

No target in view!
No target in view!
No target in view!
No target in view!
No target in view!
No target in view!
No target in view!
No target in view!
Things that are here:
a +0 club; a goblin corpse
g - 2 bubbling puce potions (gained 1)
Found a leather armour.
You see here a +0 leather armour.
Found a stone staircase leading down.
There is a stone staircase leading down here.
You see here an adder skeleton.
Crazy Yiuf shouts!
No reachable target in view!
As you open the door, it creaks loudly!
You hit Crazy Yiuf but do no damage.
Crazy Yiuf hits you with a +4 quarterstaff of chaos.
You thump Crazy Yiuf!
Crazy Yiuf is heavily wounded.
You block Crazy Yiuf's attack.
You closely miss Crazy Yiuf.
Crazy Yiuf is heavily wounded.
Crazy Yiuf hits you with a +4 quarterstaff of chaos.
Crazy Yiuf freezes you.
You closely miss Crazy Yiuf.
Crazy Yiuf is heavily wounded.
Crazy Yiuf drinks a potion.
Crazy Yiuf seems to grow stronger.
Crazy Yiuf hits you with a +4 quarterstaff of chaos!
Crazy Yiuf burns you.
* * * LOW HITPOINT WARNING * * *
You thump Crazy Yiuf!
Crazy Yiuf is almost dead.
Crazy Yiuf laughs, "Flower!
Blight illywillydillykilly meccalolo."
Crazy Yiuf hits you with a +4 quarterstaff of chaos!
Ouch! That really hurt!
You die...

####
##...#.#####.....#
.#### ##(##.###
#.....# ....# #.##...#
##..### .##.# ########
#### ###.# #.##
###..#####♣♣ ###
#...#.#.#..♣♣ ♣♣#..)#
#..#........♣♣♣♣@g...#
#.#..>#......♣..♣#...#
#.##.####...♣.♣♣♣ ###
.....# ##♣♣♣♣♣ #.####
#.# ### ##### #.# #.#
#...# #.# #.# ##.##
#.# #.# #.#


You could see Crazy Yiuf (strong).

Vanquished Creatures
  4 adders (D:2)
  A worm (D:2)
  2 dart slugs (D:1)
  7 endoplasms
  5 goblins
  3 hobgoblins
  5 kobolds
  2 quokkas
  3 ball pythons
  6 bats
  4 frilled lizards
  A rat (D:2)
43 creatures vanquished.

Notes
Turn   | Place    | Note
-------+----------+-------------------------------------------
     0 | D:1      | Dittersdorf the Gargoyle Fighter began the quest for the
                  | Orb.
     0 | D:1      | Reached XP level 1. HP: 14/14 MP: 1/1
    85 | D:1      | Reached XP level 2. HP: 19/19 MP: 2/2
   624 | D:2      | Reached XP level 3. HP: 21/23 MP: 3/3
   734 | D:2      | Found a runed translucent door.
   735 | D:2      | Noticed Crazy Yiuf
   894 | D:2      | Reached XP level 4. HP: 29/29 MP: 4/4
  1097 | D:2      | Found a faded altar of an unknown god.
  1109 | D:2      | Got the Omnibus of Sweltering Effluvium
  1506 | D:2      | Mangled by Crazy Yiuf

Illustrated notes

Levels and vault maps discovered:
D:1:      giann_bridges, layout_rooms, chequers_serial_rivers_micro_b,
          st_stairs_14, chequers_serial_rivers_room_a
D:2:      layout_loops_ring, hellmonk_ecumenical_altar_lost_god,
          uniq_crazy_yiuf_cottage

Skill      XL: |  1  2  3  4 |
---------------+-------------+-----
Fighting       | 4 |  4.0
Armour         | 4 |  4.0
Shields        | 4 |  4.0
Maces & Flails | |  2.9

Action                     |  1- 3 |  4- 6 || total
---------------------------+-------+-------++-------
  Melee: Flail             |   121 |    53 ||   174
 Armour: Scale mail        |    84 |    24 ||   108
         Chain mail        |       |     1 ||     1
  Dodge: Dodged            |    73 |    18 ||    91
  Block: Buckler           |    25 |    10 ||    35

Table legend: (Time is in decaauts)
 A = Elapsed time spent in this place.
 B = Non-inter-level travel time spent in this place.
 C = Inter-level travel time spent in this place.
 D = Time resting spent in this place.
 E = Time spent auto-exploring this place.
 F = Levels seen in this place.
 G = Mean time per level.
                   A        B        C        D        E       F      G
               +--------+--------+--------+--------+--------+-----+--------+
         Total |   1563 |   1530 |     33 |      0 |   1134 |   2 |  781.5 |
       Dungeon |   1563 |   1530 |     33 |      0 |   1134 |   2 |  781.5 |
               +--------+--------+--------+--------+--------+-----+--------+

Top non-repeatable levels by time:
     D:2: 910 daAuts
     D:1: 652 daAuts
